 Dungeon Crawl Stone Soup version 0.25-a0-803-g58bd18402a (webtiles) character file.

Game seed: 15837455828145697327, levelgen mode: deterministic

112 Fukker the Chopper (level 4, -1/35 HPs)
             Began as a Demonspawn Berserker on Apr 19, 2020.
             Was a Believer of Trog.
             Slain by an orc wizard
             ... wielding a +0 dagger
              (3 damage)
             ... on level 3 of the Dungeon.
             The game lasted 00:03:38 (1541 turns).

Fukker the Chopper (Demonspawn Berserker)           Turns: 1541, Time: 00:03:39

Health: -1/35      AC:  7    Str: 18    XL:     4   Next: 63%
Magic:  4/4        EV: 12    Int:  9    God:    Trog [**....]
Gold:   102        SH:  0    Dex: 12    Spells: 3/3 levels left

rFire    . . .     SeeInvis .   a - +0 hand axe
rCold    . . .     Gourm    .   (no shield)
rNeg     . . .     Faith    .   b - +0 animal skin
rPois    .         Spirit   .   (no helmet)
rElec    .         Reflect  .   (no cloak)
rCorr    .         Harm     .   d - +2 pair of gloves
MR       .....                  (no boots)
Stlth    +.........             (no amulet)
HPRegen  0.11/turn              (no ring)
MPRegen  0.09/turn              (no ring)

@: berserk cooldown, slowed, very slow
A: claws 2, thin metallic scales 1
a: Berserk, Trog's Hand, Renounce Religion


You were on level 3 of the Dungeon.
You worshipped Trog.
Trog was pleased with you.
You were hungry.

You visited 1 branch of the dungeon, and saw 3 of its levels.

You collected 102 gold pieces.

Inventory:

Hand Weapons
 a - a +0 hand axe (weapon)
 j - a +2 hunting sling of freezing
Missiles
 k - 34 stones (quivered)
 p - 5 javelins
 s - 22 bolts
Armour
 b - a +0 animal skin (worn)
 d - a +2 pair of gloves (worn)
Scrolls
 e - a scroll of random uselessness {unknown}
 g - 2 scrolls of remove curse {unknown}
 h - a scroll of fog {unknown}
 i - a scroll of amnesia {unknown}
 l - 2 scrolls of identify {unknown}
 m - 2 scrolls of teleportation {unknown}
 o - a scroll of blinking {unknown}
Potions
 f - a potion of flight {unknown}
 n - 2 potions of curing {unknown}
 q - a potion of mutation {unknown}
Comestibles
 c - 7 rations
 r - a chunk of flesh


   Skills:
 - Level 3.0 Fighting
 + Level 4.5 Axes
 + Level 1.6 Slings
 - Level 1.7 Armour
 - Level 1.7 Dodging


You had 3 spell levels left.
You didn't know any spells.
Your spell library was empty.

Dungeon Overview and Level Annotations

Branches:
Dungeon (3/15)

Altars:
Elyvilon
Nemelex Xobeh


Innate Abilities, Weirdness & Mutations

You have very sharp fingernails.
You are partially covered in thin metallic scales. (AC +2)


Message History

The magic dart hits you!
You bump into the rock wall.
You feel a strong urge to attack something.
You feel your anger nearly subside.
You are no longer berserk.
You are exhausted.
You feel yourself slow down. The orc wizard casts a spell at you.
The magic dart hits you!
* * * LOW HITPOINT WARNING * * *
The orc wizard hits you but does no damage.
You hit the orc.
You kill the orc!
Trog accepts your kill.
You barely miss the orc wizard. x2
You feel less confused.
The orc wizard hits you with a +0 dagger.
* * * LOW HITPOINT WARNING * * *
The orc wizard splashes around in the water.
The orc wizard hits you with a +0 dagger.
You die...

............).....# #..
(.................# #..
..(...............# #..
(.....######.##########..
.............# .........
..(......#.### ########.
...######...### #. ##
#≈oo..≈≈# #.
+.##≈@)♣..≈## #.
#..r........## #.
#....♣._.♣...# #.
#.#..[.....(.# #.
##.##≈..♣..≈#.########.
#...#≈≈...≈≈#..........
#...###...#############
#........## #...######


You could see 2 orc wizards and a neutral quokka (wandering).

Vanquished Creatures
  A bullfrog skeleton (D:2)
  An adder (D:2)
  An ooze (D:2)
  2 worms
  3 dart slugs (D:1)
  2 leopard geckos
  4 orcs (D:3)
  A ball python (D:1)
  4 bats
  3 giant cockroaches
  6 goblins
  5 hobgoblins
  6 jackals
  4 frilled lizards
  5 kobolds
  3 rats
51 creatures vanquished.

Notes
Turn   | Place    | Note
-------+----------+-------------------------------------------
     0 | D:1      | Fukker the Demonspawn Berserker began the quest for the
                  | Orb.
     0 | D:1      | Reached XP level 1. HP: 18/18 MP: 1/1
    72 | D:1      | Reached skill level 3 in Axes
   125 | D:1      | Gained mutation: You have sharp fingernails. [demonic
                  | ancestry]
   125 | D:1      | Reached XP level 2. HP: 15/24 MP: 2/2
   320 | D:1      | Gained mutation: You are partially covered in thin metallic
                  | scales. (AC +2) [demonic ancestry]
   320 | D:1      | Reached XP level 3. HP: 18/29 MP: 3/3
   340 | D:1      | Reached ** piety under Trog
   616 | D:2      | Reached skill level 4 in Axes
   674 | D:2      | Gained mutation: You have very sharp fingernails. [demonic
                  | ancestry]
   674 | D:2      | Reached XP level 4. HP: 28/35 MP: 4/4
   882 | D:2      | Reached skill level 1 in Slings
  1395 | D:3      | Found a sparkling altar of Nemelex Xobeh.
  1460 | D:3      | Found a white marble altar of Elyvilon.
  1541 | D:3      | Slain by an orc wizard

Levels and vault maps discovered:
D:1:      doesnt_arrival_eight_statues, layout_loops_ring
D:2:      layout_loops_ring, first_ration
D:3:      minmay_inner_zag, layout_basic, fedhas_altar_1,
          nicolae_overflow_crystal_walls, elyvilon_altar_4,
          dancing_weapons_uskayaw, nicolae_overflow_hidden_temple

Skill      XL: |  1  2  3  4 |
---------------+-------------+-----
Axes           | 3 4 |  4.5
Slings         | 1 |  1.6
Fighting       | |  3.0
Armour         | |  1.7
Dodging        | |  1.7

Action                   |  1- 3 |  4- 6 || total
-------------------------+-------+-------++-------
Melee: Hand axe          |    67 |    13 ||    80
 Fire: Hunting sling     |    14 |    41 ||    55
Invok: Berserk           |       |     1 ||     1
  Eat: Chunk             |       |     2 ||     2
Armor: Animal skin       |    29 |     6 ||    35
Dodge: Dodged            |    65 |     7 ||    72

Table legend:
 A = Non-vault XP
 B = Vault XP
 C = Vault XP percentage of total XP
 D = Non-vault monster count
 E = Vault monster count
 F = Vault count percentage of total count
                 A         B        C        D         E       F
            +---------+---------+-------+---------+---------+-------
      Total |     143 |      17 |  10.6 |      44 |       7 |  13.7
            +---------+---------+-------+---------+---------+-------
        D:1 |      50 |       0 |   0.0 |      25 |       0 |   0.0
        D:2 |      83 |       0 |   0.0 |      15 |       0 |   0.0
        D:3 |      10 |      17 |  63.0 |       4 |       7 |  63.6
            +---------+---------+-------+---------+---------+-------
